 Dungeon Crawl Stone Soup version 0.15.2 (webtiles) character file.

307 MordorOrchid the Sneak (level 6, 0/39 HPs)
             Began as an Octopode Ice Elementalist on July 1, 2020.
             Killed from afar by an orc wizard (7 damage)
             ... with a magic dart
             ... on Level 4 of the Dungeon.
             The game lasted 00:19:00 (4571 turns).

MordorOrchid the Sneak (Octopode Ice Elementalist)  Turns: 4571, Time: 00:19:00

HP   0/39        AC  4     Str  7      XL: 6   Next: 40%
MP   5/14        EV 13     Int 20      God:
Gold 194         SH  0     Dex 12      Spells:  4 memorised,  2 levels left

rFire  . . .     SeeInvis .     j - +0 hunting sling
rCold  . . .     Clarity  .     (no shield)
rNeg   . . .     rCorr    .     (helmet restricted)
rPois  .         rRot     .     (no amulet)
rElec  .         Spirit   .     g - +3 ring of protection
SustAb .         Warding  .     (no ring)
rMut   .         Stasis   .     (no ring)
Gourm  .                        (no ring)
MR     .....                    (no ring)
                                (no ring)
                                (no ring)
                                (no ring)

@: very slightly contaminated, not resistant to hostile enchantments, fairly
stealthy
A: almost no armour, amphibious, 8 rings, constrict 8, camouflage 1, gelatinous
body 1
a: no special abilities


You were on level 4 of the Dungeon.
You were not hungry.

You visited 1 branch of the dungeon, and saw 5 of its levels.

You collected 194 gold pieces.

Inventory:

Hand weapons
 j - a +0 hunting sling (weapon)
 y - a +0 short sword
Missiles
 i - 7 needles of confusion
 k - 7 tomahawks
 m - 44 bolts
 p - 31 stones
 r - 18 sling bullets (quivered)
 w - 16 bolts of frost
Comestibles
 c - 2 bread rations
 d - a chunk of goblin flesh
 s - a beef jerky
 t - a royal jelly
Scrolls
 e - 2 scrolls of teleportation
 h - 2 scrolls of remove curse
 n - a scroll of noise
 o - 2 scrolls of fog {unknown}
 u - a scroll of recharging
Jewellery
 g - a +3 ring of protection (left tentacle)
Potions
 a - a potion of haste
 l - a potion of heal wounds
 q - a potion of restore abilities {unknown}
 v - a potion of curing
Books
 b - a book of Frost

   Spells                             Type                      Level
   *Freeze                            Ice                          1
   *Throw Frost                       Conjuration/Ice              2
   *Ozocubu's Armour                  Charms/Ice                   3
   *Throw Icicle                      Conjuration/Ice              4
   Summon Ice Beast                   Ice/Summoning                4
   Condensation Shield                Ice                          4


   Skills:
 * Level 1.7 Fighting
 * Level 3.1 Dodging
 - Level 4.0 Stealth
 + Level 3.8 Spellcasting
 * Level 1.6 Conjurations
 * Level 1.0 Charms
 + Level 3.9 Ice Magic


You had 2 spell levels left.
You knew the following spells:

 Your Spells              Type           Power        Failure   Level  Hunger
a - Freeze                Ice            ###.         2%          1    None
b - Throw Frost           Conj/Ice       ###...       10%         2    #......
f - Throw Icicle          Conj/Ice       ###.....     45%         4    ####...
y - Ozocubu's Armour      Chrm/Ice       ##......     17%         3    ###....


Dungeon Overview and Level Annotations

Branches:
Dungeon (5/15)
 Temple: D:4-7

Altars:
Dithmenos

Annotations:
D:2 Terence
D:4 exclusion: phantom


Innate Abilities, Weirdness & Mutations

You cannot wear most types of armour.
You are amphibious.
You can wear up to eight rings at the same time.
You can use your tentacles to constrict many enemies at once.
Your skin changes colour to match your surroundings (Stealth).
Your rubbery body absorbs attacks (AC +1).


Message History

There is an open door here.
The orc wizard closely misses you.
The orc priest glows brightly for a moment.
There is a stone staircase leading up here.
The orc wizard gestures at you while chanting.
The puff of flame hits you!
* * * LOW HITPOINT WARNING * * *
You climb upwards.
Level annotation: exclusion: phantom
There is a stone staircase leading down here.
Casting: Freeze
Confirm with . or Enter, or press ? or * to list all spells.
Aiming: Freeze
Press: ? - help, Shift-Dir - straight line, f - orc wizard
Aim: an orc wizard, wielding a dagger and wearing a robe (fast)
You freeze the orc wizard.
The orc wizard is heavily wounded.
The orc wizard points at you and mumbles some strange words.
The magic dart hits you!
You die...

..........................#
........................#.
).......................#
........................#
.......................#.
.......................#
......................##
...............o......#
................@.....#
.....................## ##
.....................# #.#
....................###.#
....................##.#
...................##.#
...................#..#
.....................###
..................##...#


You could see an orc wizard.

Vanquished Creatures
  2 orc priests
  A black bear skeleton (D:4)
  Natasha (thrice) (D:3)
  3 gnolls
  3 adders
  A giant mite (D:2)
  5 worms
  2 oozes
  An orc (D:5)
  10 bats
  3 giant cockroaches
  12 goblins
  7 hobgoblins
  3 jackals (D:4)
  12 kobolds
  5 quokkas
  2 giant geckos
  4 giant newts
  12 rats
91 creatures vanquished.

Notes
Turn   | Place    | Note
--------------------------------------------------------------
     0 | D:1      | MordorOrchid, the Octopode Ice Elementalist, began the quest for the Orb.
     0 | D:1      | Reached XP level 1. HP: 11/11 MP: 3/3
   362 | D:1      | Reached XP level 2. HP: 17/17 MP: 2/4
   366 | D:1      | Learned a level 2 spell: Throw Frost
   854 | D:1      | Reached XP level 3. HP: 19/22 MP: 6/6
   860 | D:1      | Learned a level 3 spell: Ozocubu's Armour
  1269 | D:2      | Reached skill level 1 in Fighting
  1653 | D:2      | Reached XP level 4. HP: 15/28 MP: 0/8
  1856 | D:2      | Found a shadowy altar of Dithmenos.
  1867 | D:2      | Noticed Terence
  2460 | D:3      | Noticed Natasha
  2472 | D:3      | Killed Natasha
  2472 | D:3      | Reached XP level 5. HP: 16/33 MP: 4/11
  2684 | D:3      | Noticed Natasha
  2704 | D:3      | Killed Natasha
  2963 | D:3      | Noticed Natasha
  2965 | D:3      | Killed Natasha
  3300 | D:3      | Reached skill level 1 in Charms
  3595 | D:4      | Reached XP level 6. HP: 36/38 MP: 2/13
  3610 | D:4      | Learned a level 4 spell: Throw Icicle
  3919 | D:4      | Noticed a phantom
  4212 | D:4      | Reached skill level 4 in Stealth
  4542 | D:5      | Entered Level 5 of the Dungeon
  4571 | D:4      | Killed from afar by an orc wizard

Action                   |  1- 3 |  4- 6 || total
-------------------------+-------+-------++-------
Melee: Short sword       |    10 |    12 ||    22
       Club              |     4 |       ||     4
 Fire: Hunting sling     |       |   100 ||   100
Throw: Tomahawk          |       |     1 ||     1
 Cast: Freeze            |    35 |    62 ||    97
       Throw Frost       |     8 |    22 ||    30
  Use: Scroll            |     2 |     6 ||     8
 Stab: Sleeping          |     3 |     1 ||     4
  Eat: Chunk             |     2 |     9 ||    11
       Beef jerky        |       |     1 ||     1
